 Dungeon Crawl Stone Soup version 0.29-a0-1-gf2d273c862 (webtiles) character file.

Game seed: 4209495945471551917

114489 Jannitor the Fighter (level 16, -10/199 (214) HPs)
             Began as a Hill Orc Enchanter on Jan 25, 2022.
             Was a High Priest of Beogh.
             Killed from afar by a jorogumo (27 damage)
             ... with a bolt of negative energy
             ... on level 4 of the Spider Nest on Jan 26, 2022.
             The game lasted 01:58:31 (42848 turns).

Jannitor the Fighter (Hill Orc Enchanter)          Turns: 42848, Time: 01:58:32

HP:   -10/199 (214) AC: 28    Str: 21    XL:     16   Next: 66%
MP:   22/24         EV:  2    Int: 21    God:    Beogh [*****.]
Gold: 2681          SH:  0    Dex: 11    Spells: 4/30 levels left

rFire   . . .      SeeInvis +   U - +6 quick blade (venom)
rCold   + . .      Faith    .   E - +3 buckler {rC+}
rNeg    . . .      Spirit   .   (armour currently unavailable)
rPois   +          Reflect  .   (helmet currently unavailable)
rElec   .          Harm     .   (cloak currently unavailable)
rCorr   .          Rampage  .   (gloves currently unavailable)
Will    ++...      NoTele   +   (boots currently unavailable)
Stlth   +.........              b - amulet of regeneration
HPRegen 1.23/turn               y - ring of Hycualeuno {Str+8 Slay+2 SInv}
MPRegen 0.19/turn               S - ring of poison resistance

@: confused, mighty, tree-form, ambrosia-drunk, held, drained
A: stationary, stasis, torment immunity, boosted hp, walk on water, (antennae
1), (claws 1), (camouflage 1), low mp 1, strong-willed 1
a: Renounce Religion, Smiting, Recall Orcish Followers, Give Item to Named
Follower


You were on level 4 of the Spider Nest.
You worshipped Beogh.
Beogh was extremely pleased with you.
You were a tree.
You visited 3 branches of the dungeon, and saw 25 of its levels.
You also visited: Ossuary, Gauntlet and Ice Cave.

You collected 2681 gold pieces.

Inventory:

Hand Weapons
 U - a +6 quick blade of venom (weapon)
Missiles
 o - 30 poisoned darts
 z - 15 javelins
 K - 5 curare-tipped darts (quivered)
 M - a throwing net
Armour
 c - the +2 pair of boots of the Iron Devil (melded) {Str+5 Stlth+}
   (You found it on level 1 of the Spider Nest)

   Str:       It affects your strength (+5).
   Stlth:     It makes you more stealthy.
 E - a +3 buckler of cold resistance (worn)
 F - a +2 pair of gloves (melded)
 G - +2 acid dragon scales (melded)
 W - the +0 hat of Discretion (melded) {Str+2}
   (You found it in a Gauntlet)

   Str:       It affects your strength (+2).
Jewellery
 b - an amulet of regeneration (around neck)
 h - a ring of protection from cold
 j - a ring of protection from cold
 l - a +4 ring of slaying
 m - an amulet of the acrobat
 t - a ring of magical power
 v - a +6 ring of intelligence
 y - the ring of Hycualeuno (left branch) {Str+8 Slay+2 SInv}
   (You acquired it on level 10 of the Dungeon)

   [ring of see invisible]

   Str:       It affects your strength (+8).
   Slay:      It affects your accuracy & damage with ranged weapons and melee
   (+2).
   SInv:      It lets you see invisible.
 B - a ring of magical power
 I - a +6 ring of intelligence
 N - a ring of wizardry
 R - an amulet of magic regeneration
 S - a ring of poison resistance (right branch)
 X - a ring of see invisible
 Z - a +6 ring of strength
Wands
 g - a wand of mindburst (24)
 q - a wand of iceblast (16)
 J - a wand of flame (21)
 P - a wand of polymorph (5)
 T - a wand of paralysis (9)
Scrolls
 d - 6 scrolls of identify
 e - 5 scrolls of teleportation
 f - 4 scrolls of immolation
 i - a scroll of fog
 p - 6 scrolls of vulnerability
 r - 4 scrolls of amnesia
 D - 3 scrolls of fear
 H - 3 scrolls of blinking
 L - 4 scrolls of magic mapping
 Q - 2 scrolls of noise
 V - a scroll of silence
Potions
 a - a potion of flight
 k - 5 potions of ambrosia
 s - a potion of resistance
 u - 6 potions of curing
 w - 6 potions of attraction
 x - 4 potions of lignification
 A - 2 potions of mutation
 C - 6 potions of might
 O - 6 potions of brilliance
 Y - 3 potions of magic


   Skills:
 + Level 13.0 Fighting
 - Level 9.2 Short Blades
 - Level 10.5 Armour
 - Level 7.4 Dodging
 - Level 7.4 Stealth
 - Level 6.4 Shields
 + Level 7.5 Spellcasting
 - Level 2.8 Conjurations
 * Level 12.8 Hexes
 + Level 3.2 Translocations
 - Level 2.1 Transmutations
 - Level 3.3 Air Magic
 - Level 7.0 Earth Magic
 + Level 13.0 Invocations


You had 4 spell levels left.
You knew the following spells:

 Your Spells              Type           Power      Damage    Failure   Level
a - Ensorcelled Hibernat  Hex/Ice        68%        N/A       1%          2
b - Tukima's Dance        Hex            58%        N/A       1%          3
c - Enfeeble              Hex            29%        N/A       43%         7
d - Confusing Touch       Hex            58%        N/A       1%          3
e - Manifold Assault      Tloc           21%        N/A       63%         5
f - Slow                  Hex            100%       N/A       1%          1
g - Silence               Hex/Air        20%        N/A       11%         5

Your spell library contained the following spells:

 Spells                   Type           Power      Damage    Failure   Level
 Dazzling Flash           Conj/Hex       80%        N/A       1%          3
 Leda's Liquefaction      Hex/Erth       24%        N/A       1%          4
 Apportation              Tloc           42%        N/A       3%          1
 Magic Dart               Conj           76%        1d6       3%          1
 Blink                    Tloc           42%        N/A       4%          2
 Animate Skeleton         Necr           14%        N/A       11%         1
 Pain                     Necr           28%        1d5       11%         1
 Summon Small Mammal      Summ           28%        N/A       11%         1
 Mephitic Cloud           Conj/Pois/Air  16%        N/A       14%         3
 Call Imp                 Summ           7%         N/A       16%         2
 Sublimation of Blood     Necr           7%         N/A       16%         2
 Petrify                  Tmut/Erth      27%        N/A       16%         4
 Conjure Flame            Conj/Fire      13%        6-21      19%         3
 Ignite Poison            Fire/Tmut/Pois 10%        N/A       24%         3
 Ozocubu's Armour         Ice            7%         N/A       32%         3
 Vampiric Draining        Necr           7%         2d6       32%         3
 Sticky Flame             Conj/Fire      13%        2d4       52%         4
 Dispel Undead            Necr           7%         3d8       71%         4
 Yara's Violent Unravell  Hex/Tmut       19%        3d9       14%         5
 Lee's Rapid Deconstruct  Erth           18%        3d12*     17%         5
 Summon Mana Viper        Hex/Summ       34%        N/A       22%         5
 Borgnjor's Vile Clutch   Necr/Erth      11%        N/A       56%         5
 Irradiate                Conj/Tmut      9%         3d16      71%         5
 Summon Forest            Summ/Tloc      7%         N/A       83%         5
 Statue Form              Tmut/Erth      18%        N/A       94%         6
 Agony                    Necr           7%         N/A       96%         5
 Summon Cactus Giant      Summ           3%         N/A       100%        6
 Ozocubu's Refrigeration  Ice            3%         4d5       100%        7
 Storm Form               Tmut/Air       9%         N/A       100%        7
 Death's Door             Necr           3%         N/A       100%        9
 Polar Vortex             Ice            3%         N/A       100%        9


Dungeon Overview and Level Annotations

Branches:
Dungeon (15/15)            Temple (0/1) D:4            Lair (6/6) D:9
  Swamp (0/4) Lair:3       Spider (4/4) Lair:4        Slime (0/5) Lair:5
    Orc (0/2) D:11         Vaults (0/5) D:14         Depths (0/4) D:15
Ossuary (visited)           IceCv (visited)         Gauntlet (visited)

Altars:
Fedhas
Gozag
Ru
Xom
Yredelemnul
Zin
Jiyva

Shops:
D:10 [   D:11 (   D:15 (

Annotations:
D:3 exclusion: rat, Grinder
D:6 1 runed translucent door, anet's ghost, novice HOCj
D:7 exclusion: cyclops
D:9 exclusion: 6 doors
D:11 2 transporters, Gilette's ghost, journeyman DrEE
D:14 3 runed translucent doors, Pepuhonn's ghost, adept DsIE; Rupert
D:15 3 runed translucent doors, Hyvvalie's ghost, journeyman GrEE
Lair:1 1 runed translucent door, BearFiend's ghost, novice DrTm
Lair:3 Nergalle


Innate Abilities, Weirdness & Mutations

You are a tree.
Your roots penetrate the ground, keeping you stationary.
You cannot be teleported.
You are immune to unholy pain and torment.
Your maximum health is greatly increased.
Your equipment is partially melded.
You can walk on water.
((You have a pair of small antennae on your head.))
((You have sharp fingernails.))
((Your skin changes colour to match your surroundings (Stealth+).))
Your magical capacity is low. (-10% MP)
You are strong-willed. (Will+)


Message History

You block the redback's attack.
The jorogumo stares at you and mumbles some strange words.
The stream of webbing hits you but does no damage.
You are caught in a web!
Oreg hits the jorogumo from afar with a +1 glaive.
The redback bites you but does no damage.
The sun moth bites you!
* * * LOW HITPOINT WARNING * * *
The redback bites you but does no damage.
The jorogumo casts a spell at you.
The stream of webbing hits you but does no damage.
You are even more entangled.
Unknown command.
Okay, then.
Unknown command.
Unknown command.
Unknown command.
Unknown command.
As you read the scroll of fear, it crumbles to dust.
You assume a fearsome visage.
The redback looks frightened!
The sun moth looks frightened!
The redback looks frightened!
The jorogumo looks frightened!
The redback looks frightened!
Oreg hits the jorogumo from afar with a +1 glaive!
Oreg's attack snaps the jorogumo out of its fear.
The jorogumo hits you but does no damage.
Unknown command.
You are confused.
You feel invigorated.
Oreg hits the jorogumo from afar with a +1 glaive!
The jorogumo stares at you and mumbles some strange words.
The stream of webbing hits you but does no damage.
You are even more entangled.
Unknown command.
Unknown command.
Okay, then.
Unknown command.
Unknown command.
The jorogumo casts a spell at you. The bolt of negative energy hits you!!
You feel drained.
You die...

#####################
.^.........§§§§§.....
....^.....#§§§§§...^.
.#.#)..[)o♣H§§§§...s[
......[[.§†§§§..^^#^.
......^<)†§.§§#......
^.....#.^....§.......
.....^.#^....y...s...
.^.......#s^.....w..^
^..............$..
#............^..#.
................^


You could see a jorogumo (ally target), a sun moth (fleeing), a redback
(fleeing) and the friendly Oreg the orc warlord (extremely poisoned).

Vanquished Creatures
  A lich (IceCv)
  Aizul (Spider:2)
  An emperor scorpion (Spider:1)
  A ghost moth (Spider:3)
  A broodmother (Spider:2)
  An entropy weaver (Spider:1)
  A dire elephant (Lair:6)
  A minotaur (Gauntlet)
  A spark wasp (Spider:2)
  A vault guard (D:14)
  Fannar (D:11)
  2 caustic shrike simulacra (IceCv)
  An ogre mage (D:15)
  6 boulder beetles
  A hell beast (Gauntlet)
  4 hydras
  A radroach (Spider:3)
  A death knight (D:14)
  2 death yaks (D:8)
  2 centaur warriors
  3 two-headed ogres
  2 tengu warriors (D:15)
  A soul eater (Gauntlet)
  2 sun moths (Spider:4)
  A pharaoh ant (Spider:3)
  4 skeletal warriors (D:15)
  5 bog bodies (IceCv)
  An orb spider (Spider:3)
  2 obsidian statues
  A spriggan simulacrum (IceCv)
  A phantasmal warrior (D:13)
  4 necromancers
  4 wolf spiders
  2 orc sorcerers (D:15)
  A deep elf pyromancer (D:15)
  4 cyclopes
  3 elephants
  A moth of wrath (Spider:3)
  2 manticores
  4 black mambas
  Maurice (D:12)
  6 cane toads
  Maggie (D:7)
  2 rime drakes
  3 demonic crawlers
  A kobold demonologist (D:11)
  3 komodo dragons
  12 freezing wraiths
  A yaktaur (D:14)
  3 golden dragon simulacra (IceCv)
  5 entropy weaver simulacra
  4 anaconda simulacra (IceCv)
  A queen bee (Spider:3)
  10 meliai
  A polar bear (Lair:6)
  6 trolls
  2 hornets (Gauntlet)
  14 slime creatures
  8 tarantellas
  3 blink frogs (Lair:6)
  3 dream sheep (Lair:6)
  12 jumping spiders
  A meliai zombie (D:10)
  9 culicivoras
  A centaur simulacrum (D:15)
  2 basilisks
  2 wraiths
  A wyvern (D:9)
  A water elemental (D:15)
  21 humans
  3 dire elephant simulacra (IceCv)
  A fire elemental (Lair:3)
  21 yaks
  A human (shapeshifter) (D:15)
  2 minotaur simulacra (IceCv)
  2 vampire mosquitoes (D:12)
  Edmund (D:6)
  2 spectral cane toads (Lair:6)
  17 redbacks
  4 harpy simulacra
  A hell hound (Gauntlet)
  A hornet zombie (D:15)
  8 water moccasins
  5 sky beasts
  A black bear (shapeshifter) (D:15)
  An ice beast (D:6)
  3 alligator simulacra (IceCv)
  2 ettin simulacra (IceCv)
  5 ogres (D:15)
  A necrophage (D:4)
  10 wolves
  2 centaurs
  2 phantoms
  7 bullfrogs
  3 deep troll simulacra (D:15)
  2 scorpions
  A gnoll sergeant (D:7)
  A wyvern skeleton (D:7)
  20 killer bees
  5 lindwurm simulacra
  5 electric eels
  A bullfrog zombie (D:7)
  3 centaur skeletons
  2 orc priests
  6 jellies
  3 centaur zombies
  A gnoll shaman (D:6)
  2 hounds
  2 hell rats (Lair:3)
  An iguana (D:5)
  2 orc wizards
  2 ogre zombies (D:11)
  A hound skeleton (D:4)
  A mummy (Ossuary)
  7 gnolls
  5 adders
  3 shadow imps (Gauntlet)
  2 white imps
  An ufetubus (D:5)
  An adder skeleton (D:4)
  A worm (D:3)
  3 dart slugs
  17 orcs
  4 spectral bats (Ossuary)
  2 endoplasms
  3 giant cockroaches
  6 goblins
  8 hobgoblins
  4 jackals
  4 kobolds
  4 quokkas
  5 ball pythons
  A bat (D:3)
  5 bat simulacra (Ossuary)
  12 gnoll zombies (Ossuary)
  4 goblin simulacra (Ossuary)
  8 goblin zombies
  5 hobgoblin zombies (Ossuary)
  3 kobold simulacra (Ossuary)
  3 kobold zombies (Ossuary)
  9 orc zombies
  3 rats
  2 rat simulacra (Ossuary)
  A spectral goblin (Ossuary)
  2 spectral kobolds (Ossuary)
  A spectral rat (Ossuary)
525 creatures vanquished.

Vanquished Creatures (collateral kills)
  A ghost moth (Spider:3)
  A quicksilver ooze (Lair:4)
  2 dire elephants (Lair:6)
  2 boulder beetles
  8 hydras
  A two-headed ogre (D:13)
  A death knight (D:13)
  3 death yaks
  A skeletal warrior (D:13)
  5 pharaoh ants (Spider:1)
  4 orb spiders
  A spectral death yak (Lair:6)
  A spectral anaconda (Lair:6)
  8 wolf spiders
  4 necromancers (Lair:6)
  3 slime creatures
  2 cyclopes
  9 elephants
  A black mamba (Lair:1)
  8 cane toads
  4 torpor snails
  3 gargoyles
  2 kobold demonologists (D:11)
  A freezing wraith (IceCv)
  5 komodo dragons
  A dire elephant skeleton (Lair:6)
  5 demonic crawlers (Spider:2)
  A troll (D:11)
  2 meliai (Spider:4)
  A polar bear (Lair:5)
  3 tarantellas
  A meliai zombie (D:10)
  8 blink frogs
  4 dream sheep (Lair:6)
  11 jumping spiders
  3 shadows
  2 wraiths (D:13)
  25 yaks
  8 culicivoras
  2 wyverns
  2 basilisks
  A dire elephant simulacrum (IceCv)
  18 redbacks
  2 death yak simulacra (Lair:6)
  A harpy simulacrum (IceCv)
  4 water moccasins
  An ogre (D:4)
  2 elephant skeletons (Lair:6)
  18 wolves
  4 bullfrogs
  A cane toad simulacrum (Lair:6)
  6 killer bees
  2 troll zombies (D:11)
  An elephant simulacrum (Lair:6)
  2 electric eels (Spider:2)
  A howler monkey (D:10)
  4 centaur zombies
  2 orc priests
  3 jellies
  2 iguanas (Lair:3)
  An orc wizard (D:9)
  2 hell rats (Lair:3)
  2 ogre zombies (D:11)
  2 orcs
  3 kobolds (D:11)
  2 goblin skeletons (D:11)
  A goblin zombie (D:11)
  An orc skeleton (D:11)
  8 orc zombies (D:11)
257 creatures vanquished.

Vanquished Creatures (others)
  An orc warlord (Spider:2)
  An orc sorcerer (Lair:4)
  2 orc knights
  6 orc priests
  3 orc warriors
  2 dancing weapons
  5 orc wizards
  7 orcs
  14 demonic plants (Gauntlet)
  21 fungi
  42 plants
  44 withered plants
148 creatures vanquished.

Grand Total: 930 creatures vanquished

Notes
Turn   | Place    | Note
-------+----------+-------------------------------------------
     0 | D:1      | Jannitor the Hill Orc Enchanter began the quest for the
                  | Orb.
     0 | D:1      | Reached XP level 1. HP: 14/14 MP: 3/3
    21 | D:1      | You fall into a shaft and drop 1 floor!
   741 | D:1      | Found a faded altar of an unknown god.
   765 | D:1      | Reached XP level 2. HP: 17/20 MP: 4/4
  1007 | D:1      | Learned a level 2 spell: Ensorcelled Hibernation
  2315 | D:3      | Reached XP level 3. HP: 20/27 MP: 5/5
  2520 | D:3      | Reached skill level 1 in Fighting
  2660 | D:3      | Reached XP level 4. HP: 12/35 MP: 1/6
  2874 | D:3      | Noticed Grinder
  3750 | D:4      | Noticed a phantom
  4071 | D:4      | Found a staircase to the Ecumenical Temple.
  4125 | D:4      | Noticed a phantom
  4207 | D:4      | Noticed a necrophage
  4231 | D:4      | Reached XP level 5. HP: 15/41 MP: 6/8
  4248 | D:4      | HP: 1/41 [phantom (6)]
  4253 | D:5      | Entered Level 5 of the Dungeon
  5695 | D:5      | Became a worshipper of Beogh the Brigand
  5815 | D:5      | Reached XP level 6. HP: 39/50 MP: 9/9
  6295 | D:4      | Learned a level 3 spell: Tukima's Dance
  6299 | D:4      | Learned a level 3 spell: Dazzling Flash
  6458 | D:4      | Killed a necrophage
  6937 | D:4      | Reached XP level 7. HP: 54/57 MP: 7/10
  8077 | D:6      | Reached XP level 8. HP: 61/66 MP: 3/12
  8437 | D:6      | Noticed Edmund
  8457 | D:6      | Killed Edmund
  8466 | D:6      | Reached skill level 1 in Conjurations
  8769 | D:6      | Found a runed translucent door.
  8773 | D:6      | Noticed anet's ghost (novice HOCj)
  8977 | D:6      | Reached skill level 5 in Hexes
  9008 | D:6      | Reached * piety under Beogh
  9570 | D:7      | Found a sand-covered staircase.
  9579 | Ossuary  | Entered an ossuary
  9592 | Ossuary  | Learned a level 3 spell: Confusing Touch
  9761 | Ossuary  | Reached ** piety under Beogh
 10032 | D:7      | Reached skill level 5 in Fighting
 10032 | D:7      | Reached XP level 9. HP: 48/74 MP: 6/14
 10388 | D:7      | Reached skill level 1 in Invocations
 10888 | D:7      | Noticed a cyclops
 11060 | D:7      | Reached skill level 1 in Shields
 11428 | D:7      | Noticed Maggie
 11440 | D:7      | Killed Maggie
 11500 | D:7      | Found a sacrificial altar of Ru.
 11995 | D:8      | Reached skill level 1 in Armour
 11995 | D:8      | Reached skill level 5 in Stealth
 12004 | D:8      | Reached *** piety under Beogh
 12860 | D:9      | Reached skill level 5 in Short Blades
 12944 | D:9      | Noticed a two-headed ogre
 13094 | D:9      | Noticed a death yak
 13116 | D:9      | Killed a death yak
 13117 | D:9      | Reached XP level 10. HP: 39/83 MP: 13/15
 13632 | D:9      | Noticed a death yak
 13633 | D:9      | Found a staircase to the Lair.
 13636 | D:9      | Noticed a death yak
 13636 | D:9      | Noticed a death yak
 13655 | D:9      | Noticed a death yak
 13656 | D:9      | Noticed a death yak
 14053 | D:8      | Killed a death yak
 14429 | D:8      | Killed a death yak
 14885 | Lair:1   | Entered Level 1 of the Lair of Beasts
 14941 | Lair:1   | Found a runed translucent door.
 14941 | Lair:1   | Found a shimmering altar of Xom.
 14941 | Lair:1   | Noticed a +2 scimitar of chaos
 14941 | Lair:1   | Noticed BearFiend's ghost (novice DrTm)
 14960 | Lair:1   | Reached skill level 5 in Armour
 15363 | Lair:1   | Noticed a black mamba
 15390 | Lair:1   | Reached skill level 5 in Invocations
 15392 | Lair:1   | Killed a black mamba
 15403 | Lair:1   | Reached XP level 11. HP: 29/92 MP: 11/16
 16579 | Lair:2   | Reached **** piety under Beogh
 16996 | Lair:2   | Gained Alork as an ally
 17098 | Lair:2   | Reached skill level 5 in Shields
 17353 | Lair:2   | Noticed a boulder beetle
 17368 | Lair:2   | Killed a boulder beetle
 17732 | Lair:3   | Learned a level 4 spell: Petrify
 17790 | Lair:3   | Noticed Nergalle
 17806 | Lair:3   | Noticed an eight-headed hydra
 17816 | Lair:3   | Killed an eight-headed hydra
 18088 | Lair:3   | Found a staircase to the Swamp.
 18139 | Lair:3   | Noticed a five-headed hydra
 18148 | Lair:3   | Killed a five-headed hydra
 18153 | Lair:3   | Reached skill level 1 in Earth Magic
 18605 | Lair:3   | Reached XP level 12. HP: 102/102 MP: 9/17
 18881 | Lair:3   | Reached skill level 1 in Transmutations
 19056 | Lair:3   | Learned a level 1 spell: Slow
 19546 | Lair:4   | Your ally Alork died
 21056 | Lair:4   | Found a hole to the Spider Nest.
 21766 | Lair:4   | Noticed a quicksilver ooze
 21800 | Lair:5   | Noticed a four-headed hydra
 21800 | Lair:5   | Found a viscous altar of Jiyva.
 21800 | Lair:5   | Found a staircase to the Slime Pits.
 22415 | Lair:5   | Noticed a six-headed hydra
 22423 | Lair:5   | Killed a six-headed hydra
 22432 | Lair:5   | Killed a four-headed hydra
 23036 | D:10     | Entered Level 10 of the Dungeon
 23144 | D:10     | Found Ream's Antique Armour Boutique.
 23180 | D:10     | Identified a scroll of acquirement
 23181 | D:10     | Acquired the ring of Hycualeuno {Str+8 Slay+2 SInv}
 23474 | D:9      | Killed a two-headed ogre
 23639 | D:10     | Gained mutation: You have hidden genetic potential. [potion
                  | of mutation]
 23639 | D:10     | Gained mutation: Your magical capacity is low. (-10% MP)
                  | [potion of mutation]
 23639 | D:10     | Gained mutation: You have sharp fingernails. [potion of
                  | mutation]
 23639 | D:10     | Gained mutation: You have a pair of small antennae on your
                  | head. [potion of mutation]
 23696 | D:10     | Found an opulent altar of Gozag.
 23702 | D:10     | Found a glowing silver altar of Zin.
 23801 | D:10     | Found a blossoming altar of Fedhas.
 23801 | D:10     | Found a basalt altar of Yredelemnul.
 23807 | D:10     | Found a shimmering altar of Xom.
 24296 | D:11     | Noticed a centaur warrior
 24303 | D:11     | Killed a centaur warrior
 24304 | D:11     | Reached XP level 13. HP: 100/111 MP: 15/17
 24399 | D:11     | Gained Oreg as an ally
 24400 | D:11     | Found a staircase to the Orcish Mines.
 24414 | D:11     | Reached ***** piety under Beogh
 24611 | D:11     | Found Eqoawuni's Weapon Shoppe.
 25096 | D:11     | Found a blossoming altar of Fedhas.
 25170 | D:11     | Noticed Gilette's ghost (journeyman DrEE)
 25172 | D:11     | Acquired a +3 quick blade
 25190 | D:11     | Found a transporter.
 25194 | D:11     | Found a transporter.
 25222 | D:11     | Identified the +0 chain mail of Moral Flaws {Dex+4}
 25261 | D:11     | Noticed Fannar
 25275 | D:11     | Killed Fannar
 25439 | D:12     | Noticed Maurice
 25451 | D:12     | Killed Maurice
 25848 | D:12     | Reached skill level 5 in Dodging
 26385 | D:13     | Learned a level 5 spell: Silence
 26494 | D:13     | Gained mutation: Your skin changes colour to match your
                  | surroundings (Stealth+). [hidden potential]
 26830 | D:13     | Reached skill level 10 in Fighting
 26897 | D:13     | Found a viscous altar of Jiyva.
 27945 | Lair:6   | Entered Level 6 of the Lair of Beasts
 27961 | Lair:6   | Reached skill level 5 in Earth Magic
 27974 | Lair:6   | Reached skill level 5 in Spellcasting
 28635 | Lair:6   | Reached XP level 14. HP: 120/122 MP: 19/19
 28982 | Lair:6   | Reached skill level 10 in Invocations
 29065 | Lair:6   | Noticed a dire elephant
 29066 | Lair:6   | Noticed a dire elephant
 29066 | Lair:6   | Noticed a dire elephant
 29115 | Lair:6   | Reached skill level 1 in Air Magic
 30569 | Lair:6   | Gained Geork as an ally
 31311 | Lair:6   | Killed a dire elephant
 31315 | Lair:6   | Killed a dire elephant
 31326 | Lair:6   | Killed a dire elephant
 31337 | Lair:6   | Gained mutation: You are strong-willed. (Will+) [hidden
                  | potential]
 31337 | Lair:6   | Lost mutation: You have hidden genetic potential. [hidden
                  | potential expressed]
 31794 | Spider:1 | Entered Level 1 of the Spider Nest
 32222 | Lair:4   | Killed a quicksilver ooze
 32443 | Spider:1 | Noticed an entropy weaver
 32450 | Spider:1 | Killed an entropy weaver
 32782 | Spider:1 | Reached skill level 10 in Hexes
 32913 | Spider:1 | Acquired 896 gold pieces
 32943 | Spider:1 | Found a transporter.
 32944 | Spider:1 | Found a transporter.
 33092 | Spider:1 | Noticed an emperor scorpion
 33112 | Spider:1 | Killed an emperor scorpion
 33332 | Spider:1 | Reached XP level 15. HP: 108/130 MP: 21/21
 33337 | Spider:1 | Got the +2 pair of boots of the Iron Devil {Str+5 Stlth+}
 33901 | Spider:2 | Learned a level 7 spell: Enfeeble
 33933 | Spider:2 | Noticed Aizul
 33971 | Spider:2 | Killed Aizul
 33982 | Spider:2 | Your ally Geork died
 34390 | Spider:3 | Gained Gorg as an ally
 34606 | Spider:3 | Noticed a ghost moth
 34636 | Spider:3 | Your ally Gorg died
 34787 | Spider:3 | Reached skill level 10 in Armour
 35249 | Spider:3 | Noticed a ghost moth
 35272 | Spider:3 | Killed a ghost moth
 35410 | Spider:3 | HP: 3/132 [ghost moth (9)]
 35412 | Spider:3 | HP: 1/132 [ghost moth (2)]
 35413 | Spider:3 | Killed a ghost moth
 36288 | D:14     | Found a gate leading to a gauntlet.
 36297 | Gauntlet | Entered a Gauntlet
 36297 | Gauntlet | Found a transporter.
 36361 | Gauntlet | Found a transporter.
 36374 | Gauntlet | Found a transporter.
 36379 | Gauntlet | Found a transporter.
 36396 | Gauntlet | Found a transporter.
 36414 | Gauntlet | Found a transporter.
 36426 | Gauntlet | Found a transporter.
 36438 | Gauntlet | Found a transporter.
 36450 | Gauntlet | Found a transporter.
 36462 | Gauntlet | Found a transporter.
 36479 | Gauntlet | Found a transporter.
 36497 | Gauntlet | Found a transporter.
 36499 | Gauntlet | Found a transporter.
 36524 | Gauntlet | Found a transporter.
 36544 | Gauntlet | Found a transporter.
 36622 | Gauntlet | Found a transporter.
 36642 | Gauntlet | Found a transporter.
 36664 | Gauntlet | Found a transporter.
 37059 | Gauntlet | Identified the +0 hat of Discretion {Str+2}
 37516 | D:14     | Found a gate to the Vaults.
 37823 | D:14     | Noticed Rupert
 37900 | D:14     | Found a runed translucent gate.
 37900 | D:14     | Found a runed translucent gate.
 37900 | D:14     | Found a runed translucent gate.
 37908 | D:14     | Noticed Pepuhonn's ghost (adept DsIE)
 37955 | D:14     | Learned a level 5 spell: Manifold Assault
 37959 | D:14     | Found a shimmering altar of Xom.
 37959 | D:14     | Found a shimmering altar of Xom.
 37959 | D:14     | Found a shimmering altar of Xom.
 37959 | D:14     | Found a shimmering altar of Xom.
 38051 | D:14     | Found a shimmering altar of Xom.
 38054 | D:14     | Found a shimmering altar of Xom.
 38058 | D:14     | Found a shimmering altar of Xom.
 38422 | D:15     | Entered Level 15 of the Dungeon
 38440 | D:15     | Found Ite Yczo's Weapon Shoppe.
 38528 | D:15     | Reached XP level 16. HP: 83/139 MP: 23/23
 38538 | D:15     | Reached skill level 1 in Translocations
 38663 | D:15     | Found a frozen archway.
 38742 | IceCv    | Entered an ice cave
 39058 | IceCv    | Upgraded the game from 0.28-a0-1632-g283549b12f to
                  | 0.29-a0-1-gf2d273c862
 39149 | IceCv    | Gained Borgk as an ally
 39166 | IceCv    | Your ally Borgk died
 39462 | IceCv    | Found an ancient bone altar of Kikubaaqudgha.
 39771 | IceCv    | Noticed a lich
 40024 | IceCv    | Got Jilakihi's Handbook of the Snowflakes and Evil Arts
 40189 | IceCv    | Killed a lich
 41712 | D:15     | Found a runed translucent gate.
 41712 | D:15     | Found a runed translucent gate.
 41712 | D:15     | Found a runed translucent gate.
 41712 | D:15     | Noticed a rockslime
 41712 | D:15     | Noticed an azure jelly
 41716 | D:15     | Noticed Hyvvalie's ghost (journeyman GrEE)
 41720 | D:15     | Found a viscous altar of Jiyva.
 41919 | D:15     | Found a staircase to the Depths.
 42686 | Spider:4 | Entered Level 4 of the Spider Nest
 42844 | Spider:4 | Paralysed by a jorogumo for 1 turns
 42844 | Spider:4 | HP: 6/208 [jorogumo (8)]
 42848 | Spider:4 | Killed from afar by a jorogumo

Illustrated notes

Levels and vault maps discovered:
D:1:      dpeg_arrival_concentric_ovals, layout_basic, basic_ecumenical_altar,
          minmay_fountain_box, minmay_pentomino_x4
D:2:      layout_rooms
D:3:      layout_loops_ring, uniq_grinder
D:4:      layout_layer_cave, minmay_temple_entry_drinking_statues
D:5:      layout_loops_corners, serial_co_window_serial, co_window_corner_a,
          co_window_corner_a, co_window_paths_b, co_window_paths_b,
          co_window_of_opportunity_a, co_window_paths_a, co_window_corner_a,
          co_window_corner_ca, co_window_corner_b, co_window_corner_b,
          co_window_broadway_c, co_window_paths_c, co_window_corner_b,
          glass_columns_a, glass_columns_b, glass_columns_c, glass_columns_b,
          hangedman_glass_garden
D:6:      layout_loops_cross, ebering_ghost_reflecting_pool, uniq_edmund
D:7:      layout_loops_ring, nicolae_ru_path_of_blood,
          chequers_ossuary_entry_cave, chequers_serial_rivers_micro_c,
          lemuel_flamethrower_2, uniq_maggie
D:8:      layout_loops_cross
D:9:      layout_irregular_city, dpeg_lair_monsters
D:10:     minmay_weird_star, layout_basic, nicolae_overflow_hallway_of_the_gods,
          serial_shops, kennysheep_mini_moat, minmay_misc_feat_room
D:11:     layout_cave_pools, zombieorc1_lemuel, serial_shops,
          nicolae_shop_bloodbath_and_beyond, gammafunk_ghost_arena,
          fedhas_altar_4, uniq_fannar
D:12:     layout_roguey, uniq_maurice
D:13:     layout_basic, jiyva_altar_1
D:14:     layout_cave_pods, grunt_vaults_entry_tiered,
          gammafunk_ghost_hydra_chop, gauntlet_entry_generic, xom_redecorated,
          uniq_rupert
D:15:     grunt_enter_depths_magical_seal, layout_long_grid,
          portal_ice_cave_entry_ice_simulacra, minivault_14,
          gammafunk_ghost_ooze, serial_shops, nicolae_shop_statue_plus
Lair:1:   layout_misc_corridors, ebering_ghost_xom, serial_bayou_pond_d,
          grunt_megastairs_3
Lair:2:   gammafunk_indiana_jones, layout_regular_city,
          grunt_forest_small_clearing_treed, grunt_megastairs_5
Lair:3:   layout_gridlike, minmay_swamp_entry_reptiles, uniq_nergalle
Lair:4:   layout_regular_city, spider_nest_entry_funnel_web,
          nicolae_lair_time_for_slime
Lair:5:   layout_misc_corridors, slime_altar_1, lemuel_fruit_tree
Lair:6:   due_jungle_book, layout_regular_city
Spider:1: gammafunk_boulding_lane, hangedman_spider_tarantella_strand
Spider:2: layout_spider_delve, uniq_aizul
Spider:3: layout_cave_pods, special_room [special_room_bee]
Spider:4: grunt_spider_rune_circles

Skill      XL: |  1  2  3  4  5  6  7  8  9 10 11 12 13 14 15 16 |
---------------+-------------------------------------------------+-----
Fighting       | 1 2 3 5 6 7 8 9 10 11 12 13 | 13.0
Dodging        | 2 3 4 5 6 7 |  7.4
Spellcasting   | 2 3 4 5 6 7 |  7.5
Stealth        | 3 4 5 6 7 |  7.4
Short Blades   | 2 3 4 5 6 7 8 9 |  9.2
Hexes          | 4 5 6 7 8 9 10 11 12 | 12.8
Conjurations   | 2 |  2.8
Invocations    | 3 5 6 8 9 10 12 13 | 13.0
Shields        | 2 4 5 6 |  6.4
Armour         | 3 5 7 9 10 | 10.5
Earth Magic    | 1 3 5 6 7 |  7.0
Transmutations | 2 |  2.1
Air Magic      | 3 |  3.3
Translocations | 3 |  3.2

Action                   |  1- 3 |  4- 6 |  7- 9 | 10-12 | 13-15 | 16-18 || total
-------------------------+-------+-------+-------+-------+-------+-------++-------
Melee: Dagger            |   123 |   182 |   407 |   512 |    73 |       ||  1297
       Punch             |     1 |     3 |     2 |       |       |       ||     6
       Long sword        |       |    17 |       |       |       |       ||    17
       Quick blade       |       |       |       |       |  1489 |   726 ||  2215
Throw: Dart              |       |       |     4 |       |     4 |       ||     8
 Cast: Ensorcelled Hiber |     4 |     4 |    33 |    21 |       |       ||    62
       Tukima's Dance    |       |     1 |     7 |       |     4 |     4 ||    16
       Dazzling Flash    |       |       |     2 |     1 |       |       ||     3
       Confusing Touch   |       |       |     7 |    54 |       |     7 ||    68
       Slow              |       |       |       |    47 |    44 |    95 ||   186
       Silence           |       |       |       |       |     1 |     2 ||     3
       Petrify           |       |       |       |       |     1 |       ||     1
Invok: Convert to Beogh  |       |     1 |       |       |       |       ||     1
       Smiting           |       |       |       |     2 |    29 |    11 ||    42
       Recall Orcish Fol |       |       |       |     1 |     4 |       ||     5
Evoke: Wand              |       |     6 |     2 |    12 |     3 |    33 ||    56
  Use: Potion            |       |    10 |     2 |     4 |     9 |    10 ||    35
       Scroll            |       |     1 |     9 |    12 |    23 |     5 ||    50
 Stab: Sleeping          |     2 |     9 |    37 |    12 |    34 |    11 ||   105
       Invisible         |       |     6 |     4 |       |     3 |       ||    13
       Confused          |       |       |     8 |    25 |       |    18 ||    51
       Distracted        |       |       |       |     5 |    11 |     2 ||    18
       Paralysed         |       |       |       |     2 |       |     1 ||     3
       Petrified         |       |       |       |       |     2 |       ||     2
Armor: Robe              |    19 |    38 |    63 |       |       |       ||   120
       Skin              |       |    16 |       |       |       |    10 ||    26
       Acid dragon scale |       |       |    22 |   152 |   294 |   170 ||   638
Dodge: Dodged            |    55 |   161 |   170 |   251 |   387 |   185 ||  1209
Block: Buckler           |       |       |    26 |   148 |   298 |   129 ||   601

Table legend: (Time is in decaauts)
 A = Elapsed time spent in this place.
 B = Non-inter-level travel time spent in this place.
 C = Inter-level travel time spent in this place.
 D = Time resting spent in this place.
 E = Time spent auto-exploring this place.
 F = Levels seen in this place.
 G = Mean time per level.
                   A        B        C        D        E       F      G
               +--------+--------+--------+--------+--------+-----+--------+
         Total |  41168 |  38991 |   2177 |  15174 |  15486 |  28 | 1470.3 |
       Dungeon |  22078 |  20756 |   1322 |   7239 |   9604 |  15 | 1471.9 |
          Lair |  11991 |  11340 |    651 |   5628 |   3792 |   6 | 1998.5 |
   Spider Nest |   3815 |   3612 |    203 |   1090 |   1459 |   4 |  953.8 |
       Ossuary |    388 |    388 |      0 |      0 |    166 |   1 |  388.0 |
      Ice Cave |   2122 |   2122 |      0 |   1037 |    160 |   1 | 2122.0 |
      Gauntlet |    771 |    771 |      0 |    179 |    304 |   1 |  771.0 |
               +--------+--------+--------+--------+--------+-----+--------+

Top non-repeatable levels by time:
  Lair:6: 3663 daAuts
  Lair:4: 2702 daAuts
     D:7: 2328 daAuts
   IceCv: 2122 daAuts
     D:9: 1924 daAuts
     D:5: 1869 daAuts
     D:6: 1860 daAuts
  Lair:3: 1778 daAuts
     D:3: 1757 daAuts
     D:1: 1736 daAuts
Spider:3: 1706 daAuts
    D:13: 1617 daAuts
     D:4: 1514 daAuts
  Lair:2: 1402 daAuts
    D:15: 1378 daAuts
